 Dungeon Crawl Stone Soup version 0.25-a0-317-g5f8687b (webtiles) character file.

Game seed: 9551956317149911505, levelgen mode: deterministic

267 Birdy the Slasher (level 6, 0/42 HPs)
             Began as a Halfling Monk on Dec 26, 2019.
             Slain by an orc wizard
             ... wielding a +0 dagger
              (2 damage)
             ... on level 4 of the Dungeon.
             The game lasted 00:04:18 (2319 turns).

Birdy the Slasher (Halfling Monk)                   Turns: 2319, Time: 00:04:19

Health: 0/42       AC:  3    Str: 10    XL:     6   Next: 45%
Magic:  5/5        EV: 17    Int:  8    God:
Gold:   185        SH:  0    Dex: 19    Spells: 5/5 levels left

rFire    . . .     SeeInvis .   n - +1 long sword
rCold    . . .     Gourm    .   (shield restricted)
rNeg     . . .     Faith    .   p - +0 leather armour
rPois    .         Spirit   .   (no helmet)
rElec    .         Reflect  .   (no cloak)
rCorr    .         Harm     .   (no gloves)
MR       .....                  (no boots)
Stlth    ++........             h - amulet of regeneration
HPRegen  0.54/turn              (no ring)
MPRegen  0.09/turn              (no ring)

@: no status effects
A: small, low mp 1, mutation resistance 1, weak 1
a: no special abilities


You were on level 4 of the Dungeon.
You were not hungry.

You visited 1 branch of the dungeon, and saw 4 of its levels.

You collected 185 gold pieces.

Inventory:

Hand Weapons
 n - a +1 long sword (weapon)
Missiles
 k - 7 curare-tipped darts (quivered)
Armour
 p - a +0 leather armour (worn)
Jewellery
 h - an amulet of regeneration (around neck)
Wands
 a - a wand of paralysis (10)
Scrolls
 d - a scroll of magic mapping {unknown}
 g - a scroll of teleportation {unknown}
 m - a scroll of enchant weapon
 o - a scroll of blinking {unknown}
Potions
 e - a potion of haste
Comestibles
 c - 9 rations


   Skills:
 + Level 3.5 Fighting
 * Level 4.5 Long Blades
 * Level 3.5 Armour
 + Level 4.2 Dodging
 - Level 2.1 Stealth


You had 5 spell levels left.
You didn't know any spells.
Your spell library was empty.

Dungeon Overview and Level Annotations

Branches:
Dungeon (4/15)
 Temple: D:4-7

Altars:
Kikubaaqudgha


Innate Abilities, Weirdness & Mutations

You are small and have problems with some larger weapons.
You are somewhat resistant to further mutation.
Your magical capacity is low. (-10% MP)
You are weak. (Str -2)


Message History

A puff of flame appears from out of thin air!
The puff of flame hits you!
* * * LOW HITPOINT WARNING * * *
You hear some strange, mumbled words.
You barely miss something. Something barely misses you.
You miss something. Something hits you but does no damage.
You hear some strange, mumbled words.
A puff of flame appears from out of thin air!
The puff of flame hits you!
* * * LOW HITPOINT WARNING * * *
You feel better.
You hear some strange, mumbled words.
A puff of frost appears from out of thin air!
The puff of frost hits you!
* * * LOW HITPOINT WARNING * * *
Something hits you but does no damage.
Okay, then.
Okay, then.
You barely miss something. Something hits you.
You die...

..).####..#######
.. +............
###.#.###.###
#.#.###.###
#.........#
###..##.#.#
#oo.o...#
#{##.##.#.#.
#@#.o)......
#.#...#.#.#.
#.#.#.# # # #.#.
.. #.#. #.. #.#.
..# #.#. ..# #.#.
..#


You could see 2 orcs.

Vanquished Creatures
  An orc wizard (D:4)
  2 orc priests
  A centaur skeleton (D:3)
  A worker ant (D:4)
  A gnoll (D:1)
  2 adders (D:2)
  3 worms
  A dart slug (D:1)
  A leopard gecko (D:3)
  9 orcs (D:3)
  2 ball pythons
  7 bats
  5 giant cockroaches
  11 goblins
  6 hobgoblins
  8 jackals (D:2)
  7 kobolds
  A quokka (D:3)
  2 frilled lizards
  5 rats
76 creatures vanquished.

Notes
Turn   | Place    | Note
-------+----------+-------------------------------------------
     0 | D:1      | Birdy the Halfling Monk began the quest for the Orb.
     0 | D:1      | Reached XP level 1. HP: 15/15 MP: 1/1
    50 | D:1      | Reached XP level 2. HP: 20/20 MP: 2/2
    55 | D:1      | Reached skill level 1 in Armour
    66 | D:1      | Reached XP level 3. HP: 8/25 MP: 3/3
   990 | D:2      | Reached XP level 4. HP: 23/31 MP: 4/4
  1622 | D:2      | Gained mutation: You are robust. (+10% HP) [potion of
                  | mutation]
  1623 | D:2      | Lost mutation: You are robust. (+10% HP) [potion of
                  | mutation]
  1623 | D:2      | Gained mutation: Your magical capacity is low. (-10% MP)
                  | [potion of mutation]
  1623 | D:2      | Gained mutation: You are agile. (Dex +2) [potion of
                  | mutation]
  1625 | D:3      | Found an ancient bone altar of Kikubaaqudgha.
  1650 | D:3      | Lost mutation: You are agile. (Dex +2) [potion of mutation]
  1650 | D:3      | Gained mutation: You are weak. (Str -2) [potion of
                  | mutation]
  1765 | D:3      | Reached XP level 5. HP: 36/36 MP: 4/4
  2225 | D:4      | Reached XP level 6. HP: 24/42 MP: 5/5
  2317 | D:4      | HP: 1/42 [something/puff of flame (10)]
  2319 | D:4      | Slain by an orc wizard

Levels and vault maps discovered:
D:1:      doesnt_arrival_eight_statues, layout_rooms
D:2:      layout_rooms, minmay_crystal_water
D:3:      layout_rooms, overflow_temple_1_default
D:4:      layout_basic, first_ration, nicolae_ossuary_entry_catacombs

Skill      XL: |  1  2  3  4  5 |
---------------+----------------+-----
Armour         | 1 2 3 |  3.5
Fighting       | 3 |  3.5
Long Blades    | 4 |  4.5
Dodging        | 4 |  4.2
Stealth        | |  2.1

Action                   |  1- 3 |  4- 6 || total
-------------------------+-------+-------++-------
Melee: Falchion          |    62 |       ||    62
       Long sword        |       |   150 ||   150
  Use: Potion            |       |     9 ||     9
       Scroll            |       |     2 ||     2
 Stab: Sleeping          |     4 |     2 ||     6
  Eat: Chunk             |       |     5 ||     5
Armor: Robe              |     2 |     9 ||    11
       Leather armour    |       |     7 ||     7
Dodge: Dodged            |    54 |   156 ||   210
       Rpst.: Falchion   |    20 |       ||    20
       Long sword        |       |    44 ||    44

Table legend:
 A = Non-vault XP
 B = Vault XP
 C = Vault XP percentage of total XP
 D = Non-vault monster count
 E = Vault monster count
 F = Vault count percentage of total count
                 A         B        C        D         E       F
            +---------+---------+-------+---------+---------+-------
      Total |     382 |       0 |   0.0 |      76 |       0 |   0.0
            +---------+---------+-------+---------+---------+-------
        D:1 |      49 |       0 |   0.0 |      20 |       0 |   0.0
        D:2 |      71 |       0 |   0.0 |      24 |       0 |   0.0
        D:3 |     143 |       0 |   0.0 |      29 |       0 |   0.0
        D:4 |     119 |       0 |   0.0 |       3 |       0 |   0.0
            +---------+---------+-------+---------+---------+-------
